 Dungeon Crawl Stone Soup version 0.21.1-1-g345015f (webtiles) character file.

233 Lurcharcal the Chiller (level 5, -1/40 HPs)
             Began as a Draconian Ice Elementalist on May 24, 2018.
             Slain by a phantom (7 damage)
             ... on level 4 of the Dungeon.
             The game lasted 00:28:52 (3118 turns).

Lurcharcal the Chiller (Draconian Ice Elementalist) Turns: 3118, Time: 00:28:53

Health: -1/40      AC:  5    Str: 10    XL:     5   Next: 74%
Magic:  10/10      EV: 12    Int: 16    God:
Gold:   154        SH:  0    Dex: 12    Spells: 6/11 levels left

rFire    . . .     SeeInvis .   c - +1 mace
rCold    . . .     Gourm    .   (no shield)
rNeg     . . .     Faith    .   (armour unavailable)
rPois    .         Spirit   .   (helmet restricted)
rElec    .         Reflect  .   l - scarf {repulsion}
rCorr    .         Harm     .   (no gloves)
MR       .....                  (no boots)
Stlth    ++........             (no amulet)
HPRegen  0.13/turn              (no ring)
MPRegen  0.12/turn              (no ring)

@: repel missiles
A: unfitting armour, cold-blooded, AC +5
a: no special abilities


You were on level 4 of the Dungeon.
You were not hungry.

You visited 1 branch of the dungeon, and saw 4 of its levels.

You collected 154 gold pieces.

Inventory:

Hand Weapons
 c - a +1 mace (weapon)
Armour
 f - a +1 cloak
 l - a scarf of repulsion (worn)
Potions
 e - 3 potions of might
 i - 2 potions of mutation
 j - a potion of agility {unknown}
Books
 a - a book of Frost

   Spells                             Type                      Level
   a - Freeze                         Ice                          1
   b - Throw Frost                    Conjuration/Ice              2
   c - Ozocubu's Armour               Charms/Ice                   3
   d - Throw Icicle                   Conjuration/Ice              4
   e - Summon Ice Beast               Ice/Summoning                4
 h - a book of Misfortune

   Spells                             Type                      Level
   a - Confusing Touch                Hexes                        1
   b - Confuse                        Hexes                        3
   c - Gell's Gravitas                Translocation                3
   d - Petrify                        Transmutation/Earth          4
   e - Metabolic Englaciation         Hexes/Ice                    5
   f - Yara's Violent Unravelling     Hexes/Transmutation          5
 k - a book of Misfortune

   Spells                             Type                      Level
   a - Confusing Touch                Hexes                        1
   b - Confuse                        Hexes                        3
   c - Gell's Gravitas                Translocation                3
   d - Petrify                        Transmutation/Earth          4
   e - Metabolic Englaciation         Hexes/Ice                    5
   f - Yara's Violent Unravelling     Hexes/Transmutation          5
Comestibles
 b - 4 rations
 d - a chunk of flesh


   Skills:
 + Level 1.0 Fighting
 * Level 2.9 Maces & Flails
 + Level 2.1 Dodging
 - Level 1.7 Stealth
 + Level 3.6 Spellcasting
   Level 1.0 Conjurations
 + Level 4.0 Ice Magic


You had 6 spell levels left.
You knew the following spells:

 Your Spells              Type           Power        Failure   Level  Hunger
a - Freeze                Ice            ###.         3%          1    None
b - Summon Ice Beast      Ice/Summ       #.......     58%         4    ####...


Dungeon Overview and Level Annotations

Branches:
Dungeon (4/15)
 Temple: D:4-7

Altars:
Nemelex Xobeh


Innate Abilities, Weirdness & Mutations

Your plain brown scales are hard. (AC +5)
You cannot fit into any form of body armour.
You are cold-blooded and may be slowed by cold attacks.


Message History

The phantom is heavily damaged.
The phantom hits you but does no damage.
You closely miss the phantom.
The phantom is heavily damaged.
The phantom closely misses you. The phantom hits you.
* * * LOW HITPOINT WARNING * * *
The phantom blinks!
As you read the scroll labeled ISUSEQOOHO, it crumbles to dust.
It is a scroll of enchant armour.
Your +0 cloak glows green for a moment.
Keep disrobing?
You start removing your armour.
You continue taking off your scarf of repulsion.
The phantom hits you.
* * * LOW HITPOINT WARNING * * *
You continue taking off your scarf of repulsion.
The phantom hits you but does no damage.
You continue taking off your scarf of repulsion.
The phantom hits you!
You die...

### #.# #.# #.#
#########.#########
#........<........#
##############......###
.)...#########..@...##
.....#.......'...W.(.#
.....#.#######.......#
.........#####.......#
########'##..#.......#
####...#..#.......#
#......#..##'####.#
#......#..##.# ...
#......#.....# ...


You could see a phantom.

Vanquished Creatures
  An ice beast (D:4)
  An iguana (D:3)
  A hound skeleton (D:4)
  3 adders
  A worm (D:3)
  2 dart slugs (D:1)
  2 leopard geckos
  5 orcs
  8 bats
  6 giant cockroaches
  3 goblins
  9 hobgoblins
  4 jackals
  A quokka (D:4)
  A ball python (D:1)
  A frilled lizard (D:1)
  7 kobolds
  11 rats
67 creatures vanquished.

Notes
Turn   | Place    | Note
-------+----------+-------------------------------------------
     0 | D:1      | Lurcharcal the Draconian Ice Elementalist began the quest for the Orb.
     0 | D:1      | Reached XP level 1. HP: 14/14 MP: 3/3
   177 | D:1      | Reached XP level 2. HP: 20/20 MP: 3/5
   473 | D:1      | Reached skill level 1 in Maces & Flails
   858 | D:2      | Reached XP level 3. HP: 18/26 MP: 0/6
   941 | D:2      | Found a sparkling altar of Nemelex Xobeh.
  1647 | D:2      | Reached XP level 4. HP: 33/33 MP: 6/8
  2403 | D:4      | Noticed a phantom
  2444 | D:4      | Learned a level 4 spell: Summon Ice Beast
  2586 | D:4      | Reached skill level 4 in Ice Magic
  2588 | D:4      | Noticed an ice beast
  2629 | D:4      | Killed an ice beast
  2629 | D:4      | Reached skill level 1 in Fighting
  2629 | D:4      | Reached XP level 5. HP: 23/40 MP: 8/10
  3118 | D:4      | Slain by a phantom

Skill      XL: |  1  2  3  4 |
---------------+-------------+-----
Maces & Flails | 1 2 |  2.9
Spellcasting   | 3 |  3.6
Dodging        | 2 |  2.1
Ice Magic      | 4 |  4.0
Fighting       | 1 |  1.0
Stealth        | |  1.7
Conjurations   | |  1.0

Action                   |  1- 3 |  4- 6 || total
-------------------------+-------+-------++-------
Melee: Mace              |    44 |    85 ||   129
       Unarmed           |     2 |       ||     2
       Tailslap          |     3 |     6 ||     9
 Cast: Freeze            |    45 |    30 ||    75
  Use: Scroll            |     3 |     3 ||     6
       Potion            |       |     1 ||     1
  Eat: Chunk             |     2 |     6 ||     8
Armor: Skin              |    26 |    30 ||    56
Dodge: Dodged            |    53 |    78 ||   131
